 Dungeon Crawl Stone Soup version 0.28.0 (webtiles) character file.

Game seed: 10024948904317379411

469 Jerry the Chucker (level 6, 0/61 HPs)
             Began as a Troll Hunter on Feb 9, 2022.
             Slain by Pikel (1 damage)
             ... on level 5 of the Dungeon.
             The game lasted 00:13:17 (3831 turns).

Jerry the Chucker (Troll Hunter)                    Turns: 3831, Time: 00:13:18

Health: 0/61       AC:  8    Str: 23    XL:     6   Next: 82%
Magic:  0/5        EV: 10    Int:  7    God:
Gold:   168        SH:  0    Dex: 10    Spells: 5/5 levels left

rFire   . . .      SeeInvis .   f - +1 whip
rCold   . . .      Faith    .   (no shield)
rNeg    . . .      Spirit   +   b - +0 robe
rPois   .          Reflect  .   (helmet restricted)
rElec   .          Harm     .   (no cloak)
rCorr   .          Rampage  .   (gloves unavailable)
Will    .....                   (boots unavailable)
Stlth   +.........              j - amulet of guardian spirit
HPRegen 1.00/turn               e - +4 ring of protection
MPRegen 0.09/turn               (no ring)

@: hasted, very quick
A: large, unfitting armour, claws 3, regeneration 1, shaggy fur 1, tough skin 1
a: no special abilities


You were on level 5 of the Dungeon.
You visited 1 branch of the dungeon, and saw 5 of its levels.
You also visited: Sewer.

You collected 168 gold pieces.

Inventory:

Hand Weapons
 a - a +0 short sword
 f - a +1 whip (weapon)
Missiles
 c - 5 large rocks (quivered)
 d - 2 throwing nets
Armour
 b - a +0 robe (worn)
Jewellery
 e - a +4 ring of protection (left claw)
 j - an amulet of guardian spirit (around neck)
Scrolls
 g - 5 scrolls of teleportation
 k - 4 scrolls of identify
 l - a scroll of fog {unknown}
 q - a scroll of acquirement {unknown}
 r - a scroll of enchant weapon
 t - a scroll of magic mapping {unknown}
 u - a scroll of summoning {unknown}
Potions
 h - a potion of magic {unknown}
 m - a potion of might {unknown}
 n - 3 potions of flight
 o - a potion of brilliance {unknown}
 p - 2 potions of curing {unknown}
 s - a potion of attraction {unknown}


   Skills:
 + Level 3.2 Fighting
 + Level 3.0 Maces & Flails
 + Level 4.8 Throwing
 + Level 3.2 Dodging
 - Level 0.3 Stealth


You had 5 spell levels left.
You didn't know any spells.
Your spell library contained the following spells:

 Spells                   Type           Power      Damage    Failure   Level
 Sublimation of Blood     Necr           0%         N/A       56%         2
 Gell's Gravitas          Tloc           0%         N/A       80%         3
 Lesser Beckoning         Tloc           0%         N/A       80%         3
 Teleport Other           Tloc           0%         N/A       80%         3
 Animate Dead             Necr           0%         N/A       99%         4
 Petrify                  Tmut/Erth      0%         N/A       99%         4
 Irradiate                Conj/Tmut      0%         3d13      100%        5
 Haunt                    Necr/Summ      0%         N/A       100%        7
 Infestation              Necr           0%         N/A       100%        8


Dungeon Overview and Level Annotations

Branches:
Dungeon (5/15)             Temple (0/1) D:5           Sewer (visited)

Altars:
Ashenzari
Qazlal

Shops:
D:1 [

Annotations:
D:5 Pikel


Innate Abilities, Weirdness & Mutations

You are too large for most types of armour.
You have claws for hands.
Your natural rate of healing is unusually fast.
You are covered in fur. (AC +1)
You have tough skin. (AC +1)


Message History

You barely miss the ogre.
The ogre is heavily wounded.
The ogre barely misses you.
You whack the ogre!
The ogre is almost dead.
You hit the ogre.
The ogre is almost dead.
The ogre hits you with a +0 giant club!
You feel yourself speed up. The ogre hits you with a +0 giant club!
* * * LOW HITPOINT WARNING * * *
You hit the ogre.
You kill the ogre!
Your Maces & Flails skill increases to level 3!
You completely miss Pikel. Pikel hits you but does no damage.
You closely miss Pikel. You closely miss Pikel. You claw Pikel!
Pikel is moderately wounded.
Pikel closely misses you.
You hit Pikel.
Pikel is moderately wounded.
Pikel completely misses you.
You closely miss Pikel. Your claw misses Pikel.
Pikel is moderately wounded.
You barely miss Pikel.
Pikel is moderately wounded.
Pikel completely misses you.
You hit Pikel.
Pikel is heavily wounded.
Pikel hits you with a +2 whip of flaming.
* * * LOW HITPOINT WARNING * * *
Pikel burns you.
* * * LOW HITPOINT WARNING * * *
You closely miss Pikel.
Pikel is heavily wounded.
You whack Pikel!
Pikel is severely wounded.
Pikel hits you with a +2 whip of flaming!
* * * LOW HITPOINT WARNING * * *
Pikel burns you.
You die...

###O.⌠...⌠..
#...5..5....
#.#.........
#.##.##.##.#
#..#.# .# # ##5#..
# #5###. #K# ..
####+#####@# ##
#.......##.#
#.⌠...⌠.##.#######
#.......#.........
+...⌠...'.########
#.......###
#.⌠...⌠.#
#.......#
####'####


You could see Pikel and 2 lemures.

Vanquished Creatures
  An ogre (D:5)
  A lemure (D:5)
  A scorpion (D:3)
  A gnoll shaman (D:4)
  2 orc wizards (D:4)
  A merfolk siren (Sewer)
  A merfolk avatar (Sewer)
  6 adders
  5 gnolls
  A river rat (Sewer)
  An adder skeleton (D:4)
  2 worms
  4 orcs
  8 endoplasms
  6 giant cockroaches
  6 goblins
  7 hobgoblins
  3 quokkas
  11 ball pythons
  5 bats
  14 frilled lizards
  5 kobolds
  28 rats
120 creatures vanquished.

Notes
Turn   | Place    | Note
-------+----------+-------------------------------------------
     0 | D:1      | Jerry the Troll Hunter began the quest for the Orb.
     0 | D:1      | Reached XP level 1. HP: 19/19 MP: 0/0
   156 | D:1      | Found Qilig's Armour Shoppe.
   163 | D:1      | Reached XP level 2. HP: 28/28 MP: 1/1
   486 | D:1      | Found a faded altar of an unknown god.
   622 | D:2      | Reached XP level 3. HP: 24/35 MP: 2/2
   769 | D:2      | Reached skill level 1 in Maces & Flails
  1478 | D:3      | Reached skill level 4 in Throwing
  1509 | D:3      | Found a broken altar of Ashenzari.
  1699 | D:3      | Reached XP level 4. HP: 42/42 MP: 3/3
  2041 | D:3      | Noticed a scorpion
  2054 | D:3      | Killed a scorpion
  2055 | D:3      | Reached XP level 5. HP: 29/50 MP: 4/4
  2585 | D:4      | HP: 1/50 [something/magic dart (4)]
  2753 | D:4      | Found a glowing drain.
  2757 | Sewer    | Entered a sewer
  3016 | Sewer    | Reached XP level 6. HP: 59/59 MP: 5/5
  3323 | D:4      | Found a stormy altar of Qazlal.
  3404 | D:4      | Noticed a yak
  3404 | D:4      | Noticed a yak
  3724 | D:5      | Entered Level 5 of the Dungeon
  3781 | D:5      | Found a staircase to the Ecumenical Temple.
  3783 | D:5      | Noticed Pikel
  3831 | D:5      | HP: 1/61 [Pikel (7)]
  3831 | D:5      | Slain by Pikel

Illustrated notes

Levels and vault maps discovered:
D:1:      lightli_arrival_windingriver, layout_basic, serial_shops, shop,
          hellmonk_ecumenical_altar_pennies_from_heaven
D:2:      layout_basic, minmay_pentomino_q2
D:3:      layout_loops_corners, ashenzari_conservatory_becter
D:4:      layout_basic, kennysheep_little_box, gup_sewer_entry_bowl,
          minmay_tree_intersection
D:5:      layout_loops_corners, lightli_temple_of_fire,
          minmay_temple_entry_large_hall, minmay_fountain_box,
          minmay_fire_ice_demons, uniq_edmund, uniq_pikel, uniq_ijyb

Skill      XL: |  1  2  3  4  5  6 |
---------------+-------------------+-----
Fighting       | 2 3 |  3.2
Dodging        | 2 3 |  3.2
Maces & Flails | 1 2 3 |  3.0
Throwing       | 4 |  4.8
Stealth        | |  0.3

Action                   |  1- 3 |  4- 6 || total
-------------------------+-------+-------++-------
Melee: Short sword       |    16 |       ||    16
       Whip              |   193 |   362 ||   555
       Punch             |     2 |     4 ||     6
Throw: Large rock        |       |     3 ||     3
  Use: Scroll            |     3 |     1 ||     4
       Potion            |       |     4 ||     4
 Stab: Sleeping          |     2 |     2 ||     4
       Distracted        |       |     1 ||     1
Armor: Robe              |    91 |   182 ||   273
Dodge: Dodged            |   126 |   180 ||   306
